 Dungeon Crawl Stone Soup version 0.22-a0-467-g5c5de1c (webtiles) character file.

257 PegasusDuck the Slasher (level 5, -1/38 HPs)
             Began as a Demonspawn Gladiator on June 10, 2018.
             Killed by nerve-wracking pain
             ... invoked by an orc priest
              (11 damage)
             ... on level 4 of the Dungeon.
             The game lasted 00:03:58 (2545 turns).

PegasusDuck the Slasher (Demonspawn Gladiator)      Turns: 2545, Time: 00:03:59

Health: -1/38      AC:  7    Str: 15    XL:     5   Next: 93%
Magic:  5/5        EV: 12    Int:  9    God:
Gold:   148        SH:  0    Dex: 15    Spells: 4/4 levels left

rFire    . . .     SeeInvis .   a - +1 long sword
rCold    . . .     Gourm    .   (no shield)
rNeg     . . .     Faith    .   h - +0 ring mail
rPois    .         Spirit   .   (helmet restricted)
rElec    .         Reflect  .   (no cloak)
rCorr    .         Harm     .   (no gloves)
MR       .....                  (no boots)
Stlth    ++........             i - amulet of magic regeneration
HPRegen  0.12/turn              (no ring)
MPRegen  0.34/turn              (no ring)

@: no status effects
A: antennae 1, thin metallic scales 1, demonic guardian 1, nightstalker 1
a: no special abilities


You were on level 4 of the Dungeon.
You were hungry.

You visited 1 branch of the dungeon, and saw 4 of its levels.

You collected 148 gold pieces.

Inventory:

Hand Weapons
 a - a +1 long sword (weapon)
Missiles
 d - 3 throwing nets (quivered)
Armour
 c - a +0 helmet
 h - a +0 ring mail (worn)
Jewellery
 i - an amulet of magic regeneration (around neck)
Potions
 e - 2 potions of magic {unknown}
 j - 4 potions of curing {unknown}
 k - a potion of heal wounds {unknown}
 l - a potion of brilliance {unknown}
 n - a potion of might {unknown}
 q - a potion of degeneration {unknown}
Comestibles
 f - 7 rations


   Skills:
 - Level 2.0 Fighting
 + Level 6.1 Long Blades
 - Level 1.7 Throwing
 - Level 2.6 Dodging


You had 4 spell levels left.
You didn't know any spells.
Your spell library was empty.

Dungeon Overview and Level Annotations

Branches:
Dungeon (4/15)             Temple (0/1) D:4

Altars:


Innate Abilities, Weirdness & Mutations

You have a pair of small antennae on your head.
You are partially covered in thin metallic scales. (AC +2)
A weak demonic guardian rushes to your aid.
You are slightly more attuned to the shadows.


Message History

The orc wizard hits you but does no damage.
The orc priest calls down the wrath of Beogh upon you.
Beogh smites you!
The orc priest invokes the aid of Beogh against you.
Beogh smites you!
* * * LOW HITPOINT WARNING * * *
Your white imp closely misses the orc.
The orc priest looks encouraged for a moment.
The orc wizard mumbles some strange words.
The orc wizard flickers and vanishes!
Deactivating autopickup; reactivate with Ctrl-A.
There is a stone staircase leading up here.
The orc priest barely misses you.
You riposte.
You hit the orc priest.
The orc priest is moderately wounded.
Your white imp gestures at the orc.
The puff of frost hits the orc.
The orc dies!
The orc priest calls down the wrath of Beogh upon you.
Pain shoots through your body!
You die...

****************,,,,,,,,,,,**
*,,,,,,,,,,,>,********,**
*,*****,,,,,,,,,*****,,,, *,*
*,*******,**,,,,,,, *,*
*,*,,,***,**,,,,,,, *,*
*,*,*,,,,,**,,,,,,, *,*
*,*,**#####*,,,,,,,
*,*####+#+##.....,,,,,,,,
*,*#....@.{.....#,****,,,
*,*#....)o..###.#,,,,,,,,
*,*#....5oo.....#,,,,,,,,
*,*#........#####,,,,,,,,
*,*#..........,,,,*******
*,*#........###****
*,,......#+## ***,###.>*,*
*,* #.,*,********


You could see 3 orc priests and a friendly white imp.

Vanquished Creatures
  A black bear (D:3)
  The ghost of Avalon the Digger, a weakling DEEE (D:3)
  Natasha (D:2)
  4 adders (D:2)
  An ooze (D:1)
  A dart slug (D:3)
  2 leopard geckos (D:3)
  4 orcs
  7 bats
  8 giant cockroaches
  12 goblins
  4 hobgoblins
  6 jackals
  11 kobolds
  3 quokkas (D:3)
  A ball python (D:1)
  5 frilled lizards
  8 rats
80 creatures vanquished.

Vanquished Creatures (collateral kills)
  An orc (D:4)
  A goblin (D:3)
  A ball python (D:3)
3 creatures vanquished.

Grand Total: 83 creatures vanquished

Notes
Turn   | Place    | Note
-------+----------+-------------------------------------------
     0 | D:1      | PegasusDuck the Demonspawn Gladiator began the quest for the Orb.
     0 | D:1      | Reached XP level 1. HP: 16/16 MP: 1/1
    28 | D:1      | Reached skill level 3 in Long Blades
    69 | D:1      | Gained mutation: You are partially covered in thin metallic scales. (AC +2) [demonic ancestry]
    69 | D:1      | Reached XP level 2. HP: 14/22 MP: 2/2
   664 | D:1      | Gained mutation: You are slightly more attuned to the shadows. [demonic ancestry]
   664 | D:1      | Reached XP level 3. HP: 27/27 MP: 3/3
  1057 | D:2      | Noticed Natasha
  1058 | D:2      | Reached skill level 4 in Long Blades
  1078 | D:2      | Killed Natasha
  1078 | D:2      | Gained mutation: A weak demonic guardian rushes to your aid. [demonic ancestry]
  1078 | D:2      | Reached XP level 4. HP: 17/33 MP: 4/4
  1561 | D:2      | Reached skill level 5 in Long Blades
  1735 | D:3      | Noticed Avalon's ghost (weakling DEEE)
  1745 | D:3      | Killed Avalon's ghost
  1745 | D:3      | Gained mutation: You have a pair of small antennae on your head. [demonic ancestry]
  1745 | D:3      | Reached XP level 5. HP: 35/38 MP: 5/5
  1851 | D:3      | Noticed a black bear
  1859 | D:3      | Killed a black bear
  2008 | D:2      | Reached skill level 6 in Long Blades
  2545 | D:4      | Killed from afar by an orc priest

Vault maps used:
D:1:      lightli_arrival_isolated_outpost
D:2:      first_ration, uniq_natasha
D:3:      minmay_guardbox
D:4:      minmay_diamond_boxcup, elyvilon_altar_4,
          minmay_temple_entry_junction_2, corner_web_ring, solitary_fountain,
          kennysheep_generic_room_11

Skill      XL: |  1  2  3  4  5 |
---------------+----------------+-----
Long Blades    | 3 4 5 6 |  6.1
Fighting       | |  2.0
Throwing       | |  1.7
Dodging        | |  2.6

Action                   |  1- 3 |  4- 6 || total
-------------------------+-------+-------++-------
Melee: Long sword        |    83 |   135 ||   218
  Use: Scroll            |       |     5 ||     5
 Stab: Sleeping          |     1 |     9 ||    10
       Distracted        |       |     1 ||     1
  Eat: Chunk             |       |     5 ||     5
Armor: Leather armour    |     7 |       ||     7
       Ring mail         |    29 |    77 ||   106
Dodge: Dodged            |    61 |   108 ||   169
       Rpst.: Long sword |    19 |    39 ||    58

Table legend:
 A = Spawn XP
 B = Non-spawn XP
 C = Spawn XP percentage of total XP
 D = Spawn monster count
 E = Non-spawn monster count
 F = Spawn count percentage of total count
 G = Total turns spent on level
                    A         B        C        D         E        F      G
               +---------+---------+-------+---------+---------+-------+---------
         Total |       0 |     368 |   0.0 |       0 |      83 |   0.0 |  2545
               +---------+---------+-------+---------+---------+-------+---------
           D:1 |       0 |      48 |   0.0 |       0 |      25 |   0.0 |   935
           D:2 |       0 |     129 |   0.0 |       0 |      27 |   0.0 |   815
           D:3 |       0 |     189 |   0.0 |       0 |      30 |   0.0 |   785
           D:4 |       0 |       2 |   0.0 |       0 |       1 |   0.0 |    10
               +---------+---------+-------+---------+---------+-------+---------
